 Dungeon Crawl Stone Soup version 0.27-a0-1324-ge0d8e047f6 (webtiles) character file.

Game seed: 2324402547202916809

7025 27snakeeyes612 the Fighter (level 10, 0/94 HPs)
             Began as a Minotaur Berserker on June 23, 2021.
             Was an Elder of Trog.
             Slain by a water moccasin (4 damage)
             ... on level 9 of the Dungeon.
             The game lasted 00:06:43 (10705 turns).

27snakeeyes612 the Fighter (Minotaur Berserker)    Turns: 10705, Time: 00:06:44

Health: 0/94       AC: 11    Str: 25    XL:     10   Next: 82%
Magic:  9/9        EV: 11    Int:  4    God:    Trog [****..]
Gold:   430        SH:  0    Dex: 10    Spells: 9/9 levels left

rFire    . . .     SeeInvis .   E - +3 hand axe
rCold    . . .     Faith    .   (no shield)
rNeg     . . .     Spirit   .   v - +0 chain mail
rPois    .         Reflect  .   (helmet restricted)
rElec    .         Harm     .   (no cloak)
rCorr    .         Rampage  .   (no gloves)
Will     ++...                  (no boots)
Stlth    ..........             (no amulet)
HPRegen  1.25/turn              (no ring)
MPRegen  0.11/turn              (no ring)

@: lethally poisoned (0 -> -4), strong-willed, on berserk cooldown,
regenerating, slowed, very slow
A: horns 2, retaliatory headbutt
a: Renounce Religion, Berserk, Trog's Hand, Brothers in Arms


You were on level 9 of the Dungeon.
You worshipped Trog.
Trog was greatly pleased with you.
You visited 1 branch of the dungeon, and saw 12 of its levels.

You collected 430 gold pieces.

Inventory:

Hand Weapons
 a - a +0 hand axe
 E - a +3 hand axe (weapon)
 I - a +1 morningstar of freezing
Missiles
 k - a throwing net
Armour
 b - a +0 animal skin
 g - a +0 ring mail
 v - a +0 chain mail (worn)
Jewellery
 c - a ring of see invisible
 n - an amulet of regeneration
 G - the ring of Nootsapt {Str+6 Stlth+}
   (You found it on level 7 of the Dungeon)

   [ring of strength]

   It affects your strength (+6).
   It makes you more stealthy.
Wands
 o - a wand of acid (11)
 t - a wand of mindburst (10)
 u - a wand of flame (11)
 H - a wand of iceblast (7)
Scrolls
 h - 9 scrolls of identify {unknown}
 l - a scroll of immolation
 m - 3 scrolls of enchant weapon {unknown}
 p - 7 scrolls of teleportation {unknown}
 q - a scroll of holy word {unknown}
 s - a scroll of enchant armour {unknown}
 y - a scroll of vulnerability {unknown}
 F - a scroll of amnesia {unknown}
Potions
 e - 2 potions of berserk rage
 f - a potion of flight
 i - a potion of ambrosia {unknown}
 j - a potion of attraction
 r - a potion of curing
 w - a potion of mutation {unknown}
 x - a potion of invisibility {unknown}
 z - a potion of heal wounds {unknown}
 A - 5 potions of degeneration {unknown}
 B - 2 potions of magic {unknown}
 C - 4 potions of might {unknown}
 D - a potion of haste {unknown}


   Skills:
 + Level 10.6 Fighting
 + Level 10.5 Axes
 + Level 10.2 Armour
 + Level 9.4 Dodging


You had 9 spell levels left.
You didn't know any spells.
Your spell library was empty.

Dungeon Overview and Level Annotations

Branches:
Dungeon (12/15)            Temple (0/1) D:5            Lair (0/6) D:10
    Orc (0/2) D:9

Altars:
Dithmenos
Elyvilon

Shops:
D:5 :   D:9 (

Annotations:
D:8 exclusion: oklob sapling
D:11 Psyche


Innate Abilities, Weirdness & Mutations

You have a pair of horns on your head.
You reflexively headbutt those who attack you in melee.


Message History

You miss the water moccasin.
The water moccasin completely misses you.
You furiously retaliate!
You headbutt the water moccasin!! You barely miss the water moccasin.
The water moccasin is severely wounded.
The orc warrior hits you from afar with a +0 glaive!
* * * LOW HITPOINT WARNING * * *
You barely miss the water moccasin.
Your headbutt misses the water moccasin.
The water moccasin is severely wounded.
The water moccasin bites you but does no damage.
You barely miss the water moccasin.
The water moccasin is severely wounded.
The orc warrior barely misses you. The water moccasin bites you.
* * * LOW HITPOINT WARNING * * *
You are poisoned.
The water moccasin poisons you!
You feel very sick.
You feel a strong urge to attack something.
You feel very sick.
You are no longer berserk.
You are exhausted.
You feel yourself slow down.
You feel sick.
Your skin crawls.
You feel strong-willed.
You feel very sick.
The water moccasin bites you but does no damage.
The water moccasin bites you.
* * * LOW HITPOINT WARNING * * *
You are more poisoned.
The water moccasin poisons you!
The orc warrior hits you from afar with a +0 glaive.
* * * LOW HITPOINT WARNING * * *
As you read the scroll labelled AXAERGHOMUH, it crumbles to dust.
The creatures around you are filled with an inner flame!
It was a scroll of immolation.
* * * LOW HITPOINT WARNING * * *
You feel very sick. The water moccasin bites you.
You die...

#≈.......# #≈.......#
≈≈.......# ######
......)..# #....#
##.......# #....# ###
#.......# #....# ....
#.....).# #....# .....
##.......######...o##oo....
............[[[>@So.oo...∩.
##........#####....###o....
#####....#####....# .>.
#.............# .
#....(.....####
#..........# . ##
#.....####'######.. .#
#####.............. .#
#.............#


You could see an orc warrior (inner flame), a water moccasin (inner flame) and 6
orcs.

Vanquished Creatures
  3 kobold demonologists (D:9)
  Prince Ribbit (D:6)
  2 wyverns
  12 yaks
  Grum (D:8)
  2 water moccasins
  Duvessa (D:6)
  3 orc warriors
  5 ogres
  3 wolves
  5 centaurs
  2 phantoms
  2 kobold brigands
  2 bullfrogs (D:8)
  2 gnoll sergeants
  A scorpion (D:4)
  Dowan (D:6)
  6 killer bees (D:8)
  8 wights
  2 howler monkeys (D:6)
  A centaur zombie (D:6)
  2 lava snakes (D:9)
  An orc priest (D:7)
  2 centaur skeletons
  5 hounds
  An iguana (D:4)
  9 orc wizards
  A killer bee zombie (D:5)
  A hound skeleton (D:4)
  9 adders
  10 gnolls
  A white imp (D:7)
  An ufetubus (D:5)
  2 adder skeletons
  2 worms
  4 dart slugs
  23 orcs
  11 bats
  6 endoplasms
  2 giant cockroaches
  6 goblins
  7 hobgoblins
  6 jackals
  20 kobolds
  A quokka (D:1)
  9 ball pythons
  3 frilled lizards
  8 rats
218 creatures vanquished.

Vanquished Creatures (others)
  A quokka (D:4)
  7 plants (D:8)
  A withered plant (D:2)
9 creatures vanquished.

Grand Total: 227 creatures vanquished

Notes
Turn   | Place    | Note
-------+----------+-------------------------------------------
     0 | D:1      | 27snakeeyes612 the Minotaur Berserker began the quest for
                  | the Orb.
     0 | D:1      | Reached XP level 1. HP: 19/19 MP: 0/0
   346 | D:1      | Reached XP level 2. HP: 27/27 MP: 1/1
   847 | D:2      | Reached XP level 3. HP: 33/33 MP: 2/2
   862 | D:2      | Reached ** piety under Trog
   936 | D:2      | Found a faded altar of an unknown god.
  1840 | D:3      | Reached XP level 4. HP: 41/41 MP: 3/3
  2683 | D:4      | Noticed a scorpion
  2691 | D:4      | Noticed an ogre
  2695 | D:4      | Killed an ogre
  2696 | D:4      | Reached skill level 5 in Fighting
  2696 | D:4      | Reached XP level 5. HP: 48/48 MP: 4/4
  2728 | D:4      | Reached skill level 5 in Axes
  2772 | D:4      | Reached XP level 6. HP: 48/56 MP: 5/5
  2931 | D:4      | Reached *** piety under Trog
  3075 | D:4      | Found a white marble altar of Elyvilon.
  3533 | D:5      | Entered Level 5 of the Dungeon
  3536 | D:5      | Found Hakh's Book Emporium.
  3557 | D:5      | Reached XP level 7. HP: 62/62 MP: 6/6
  3576 | D:5      | Found a staircase to the Ecumenical Temple.
  3701 | D:5      | Reached skill level 5 in Armour
  4269 | D:5      | Reached skill level 5 in Dodging
  4470 | D:6      | Noticed Prince Ribbit
  4482 | D:6      | Killed Prince Ribbit
  4483 | D:6      | Reached XP level 8. HP: 40/71 MP: 7/7
  5245 | D:6      | Noticed Dowan
  5246 | D:6      | Noticed Duvessa
  5278 | D:6      | Killed Duvessa
  5278 | D:6      | Killed Dowan
  6638 | D:7      | Reached XP level 9. HP: 81/81 MP: 8/8
  6658 | D:7      | Reached **** piety under Trog
  6812 | D:7      | Identified the ring of Nootsapt {Str+6 Stlth+}
  7172 | D:8      | Noticed Grum
  7182 | D:7      | HP: 3/82 [wolf[Grum] (6)]
  7740 | D:8      | Killed Grum
  8146 | D:8      | Found a shadowy altar of Dithmenos.
  8179 | D:8      | You fall into a shaft and drop 2 floors!
  8179 | D:10     | Entered Level 10 of the Dungeon
  8391 | D:10     | Reached XP level 10. HP: 76/91 MP: 9/9
  9458 | D:9      | You fall into a shaft and drop 3 floors!
  9563 | D:11     | Noticed Psyche
  9729 | D:9      | Noticed an orange demon
  9732 | D:9      | Noticed an orange demon
  9734 | D:9      | Noticed a sun demon
  9737 | D:9      | Noticed an orange demon
  9752 | D:9      | Noticed a sun demon
  9767 | D:9      | Reached skill level 10 in Fighting
  9768 | D:9      | Noticed a soul eater
  9785 | D:9      | Noticed a soul eater
  9787 | D:9      | Reached skill level 10 in Axes
 10164 | D:8      | Reached skill level 10 in Armour
 10689 | D:9      | Found Naexzeto's Weapon Shoppe.
 10689 | D:9      | Found a staircase to the Orcish Mines.
 10705 | D:9      | HP: 4/94 [poisoned by a water moccasin]
 10705 | D:9      | Slain by a water moccasin

Illustrated notes

Levels and vault maps discovered:
D:1:      dpeg_arrival_water_temple_mockup, layout_loops_ring
D:2:      layout_loops_ring, ebering_ecumenical_altar_petrified, kennysheep_nub
D:3:      layout_basic, st_stairs_11
D:4:      layout_cave_pools, elyvilon_altar_4, serial_column_ruins,
          column_ruins_hut, column_ruins_hut, column_ruins_corridor_water,
          column_ruins_grid_3, column_ruins_open_medium,
          column_ruins_columns_straight, column_ruins_corridor_dead_end
D:5:      layout_basic, minmay_temple_entry_glass, serial_shops,
          nicolae_shop_stone
D:6:      layout_layer_cave, uniq_duvessa, uniq_prince_ribbit1
D:7:      layout_loops_ring
D:8:      layout_rooms, regret_index_temple_of_mockery, grunt_dithmenos_smoke,
          introduction_to_nature_2, uniq_grum
D:9:      layout_basic, orc_david_3, enter_bailey_4, kennysheep_cross_bottleneck
D:10:     layout_grid_maze, dpeg_lair_monsters, minivault_14,
          minmay_misc_feat_plants, nrook_loot_triangle, columned_hall_lemuel
D:11:     layout_basic, uniq_psyche
D:12:     layout_roguey, kennysheep_small_square, uniq_urug

Skill      XL: |  1  2  3  4  5  6  7  8  9 10 |
---------------+-------------------------------+-----
Fighting       | 4 5 6 8 9 10 | 10.6
Axes           | 4 5 6 8 9 10 | 10.5
Armour         | 3 4 6 7 8 10 | 10.2
Dodging        | 3 4 5 6 8 9 |  9.4

Action                   |  1- 3 |  4- 6 |  7- 9 | 10-12 || total
-------------------------+-------+-------+-------+-------++-------
Melee: Hand axe          |    96 |    87 |   282 |   128 ||   593
       Headbutt          |    13 |    17 |    49 |    24 ||   103
Invok: Berserk           |     1 |     3 |    13 |     7 ||    24
       Trog's Hand       |       |       |     3 |     4 ||     7
  Use: Potion            |       |       |     5 |       ||     5
       Scroll            |       |       |       |     2 ||     2
Armor: Animal skin       |    11 |       |       |       ||    11
       Ring mail         |    12 |    22 |       |       ||    34
       Chain mail        |       |    10 |   149 |    85 ||   244
Dodge: Dodged            |    65 |    52 |   189 |    99 ||   405

Table legend: (Time is in decaauts)
 A = Elapsed time spent in this place.
 B = Non-inter-level travel time spent in this place.
 C = Inter-level travel time spent in this place.
 D = Time resting spent in this place.
 E = Time spent auto-exploring this place.
 F = Levels seen in this place.
 G = Mean time per level.
                   A        B        C        D        E       F      G
               +--------+--------+--------+--------+--------+-----+--------+
         Total |  10895 |  10672 |    223 |   2528 |   6922 |  12 |  907.9 |
       Dungeon |  10895 |  10672 |    223 |   2528 |   6922 |  12 |  907.9 |
               +--------+--------+--------+--------+--------+-----+--------+

Top non-repeatable levels by time:
     D:6: 1776 daAuts
     D:7: 1564 daAuts
     D:9: 1235 daAuts
    D:10: 981 daAuts
     D:3: 944 daAuts
     D:5: 919 daAuts
     D:2: 909 daAuts
     D:4: 868 daAuts
     D:1: 849 daAuts
     D:8: 715 daAuts
    D:12: 114 daAuts
    D:11: 14 daAuts
